 Dungeon Crawl Stone Soup version 0.24.0-1-gfbc8707122 (webtiles) character file.

Game seed: 11407331549244663879, levelgen mode: deterministic

16684 DavidChitty2 the Thaumaturge (level 12, -3/91 HPs)
             Began as a Gnoll Wizard on Oct 27, 2019.
             Was an Elder of Vehumet.
             Slain by a spiny frog (22 damage)
             ... on level 2 of the Lair of Beasts.
             The game lasted 00:51:39 (22434 turns).

DavidChitty2 the Thaumaturge (Gnoll Wizard)        Turns: 22434, Time: 00:51:40

Health: -3/91      AC: 10    Str: 13    XL:     12   Next: 40%
Magic:  1/26       EV: 19    Int: 24    God:    Vehumet [****..]
Gold:   832        SH:  6    Dex: 20    Spells: 14/31 levels left

rFire    . . .     SeeInvis .   a - +2 dagger (venom)
rCold    . . .     Gourm    .   w - +0 buckler
rNeg     . . .     Faith    .   O - +2 robe of Farph {rPois rCorr Slay+3 Stlth+}
rPois    +         Spirit   .   z - +0 hat
rElec    .         Reflect  .   E - +0 cloak
rCorr    +         Harm     .   y - +0 pair of gloves
MR       .....                  G - +0 pair of boots
Stlth    +++++.....             L - amulet of the acrobat
HPRegen  0.25/turn              B - ring "Saomn" {Int+3 Dex+5}
MPRegen  0.20/turn              H - +2 ring of protection

@: lethally poisoned (-3 -> -3)
A: distributed training, fangs 1, strong nose
a: Renounce Religion


You were on level 2 of the Lair of Beasts.
You worshipped Vehumet.
Vehumet was greatly pleased with you.
You were not hungry.

You visited 3 branches of the dungeon, and saw 14 of its levels.

You collected 832 gold pieces.

Inventory:

Hand Weapons
 a - a +2 dagger of venom (weapon)
   (You took it off a goblin on level 1 of the Dungeon)
 b - a +0 hunting sling
   (You found it on level 6 of the Dungeon)
 J - a +3 broad axe of venom
   (You found it on level 9 of the Dungeon)
Missiles
 f - 152 stones (quivered)
 l - 67 sling bullets
Armour
 g - a +3 ring mail of cold resistance
   (You took it off Terence on level 3 of the Dungeon)
 w - a +0 buckler (worn)
   (You found it on level 4 of the Dungeon)
 y - a +0 pair of gloves (worn)
   (You found it on level 3 of the Dungeon)
 z - a +0 hat (worn)
 E - a +0 cloak (worn)
   (You found it on level 8 of the Dungeon)
 G - a +0 pair of boots (worn)
   (You found it on level 7 of the Dungeon)
 N - a +0 shield
   (You found it on level 9 of the Dungeon)
 O - the +2 robe of Farph (worn) {rPois rCorr Slay+3 Stlth+}
   (You found it on level 10 of the Dungeon)

   It affects your accuracy and damage with ranged weapons and melee attacks
   (+3).
   It protects you from poison.
   It provides partial protection from all sources of acid and corrosion.
   It makes you more stealthy.
 P - a +1 robe of magic resistance
   (You took it off Josephine on level 10 of the Dungeon)
Jewellery
 B - the ring "Saomn" (left hand) {Int+3 Dex+5}
   (You found it on level 6 of the Dungeon)

   [ring of dexterity]

   It affects your intelligence (+3).
   It affects your dexterity (+5).
 H - a +2 ring of protection (right hand)
   (You found it on level 8 of the Dungeon)
 L - an amulet of the acrobat (around neck)
   (You found it on level 10 of the Dungeon)
Wands
 t - a wand of flame (67)
   (You found it on level 4 of the Dungeon)
 u - a wand of paralysis (7)
   (You found it on level 5 of the Dungeon)
 v - a wand of enslavement (19)
   (You found it on level 4 of the Dungeon)
 F - a wand of polymorph (14)
   (You found it on level 7 of the Dungeon)
Scrolls
 c - 12 scrolls of remove curse {@r2}
 h - 12 scrolls of teleportation {@r4}
 k - 3 scrolls of enchant armour
 m - a scroll of immolation {!r}
 n - 3 scrolls of fog
 C - a scroll of blinking
 D - 3 scrolls of enchant weapon
 K - 3 scrolls of amnesia
 T - a scroll of magic mapping
Potions
 i - a potion of berserk rage {unknown}
 j - 4 potions of might
 o - 2 potions of cancellation
 p - a potion of lignification {unknown}
 q - 4 potions of haste {@q3}
 r - 4 potions of magic
 s - 2 potions of agility
 x - 3 potions of brilliance
 A - 2 potions of invisibility
 I - 2 potions of resistance
 U - 3 potions of mutation {!q}
Miscellaneous
 Q - a phantom mirror
Comestibles
 e - 17 rations {!d}


   Skills:
 + Level 7.1 Fighting
 + Level 7.1 Short Blades
 + Level 7.1 Long Blades
 + Level 7.1 Axes
 + Level 7.1 Maces & Flails
 + Level 7.1 Polearms
 + Level 7.1 Staves
 + Level 7.1 Slings
 + Level 7.1 Bows
 + Level 7.1 Crossbows
 + Level 7.1 Throwing
 + Level 7.1 Armour
 + Level 8.5 Dodging
 + Level 8.3 Stealth
 + Level 7.1 Shields
 + Level 7.1 Unarmed Combat
 + Level 10.1 Spellcasting
 + Level 6.3 Conjurations
 + Level 5.9 Hexes
 + Level 5.9 Charms
 + Level 6.3 Summonings
 + Level 5.9 Necromancy
 + Level 6.3 Translocations
 + Level 5.9 Transmutations
 + Level 5.9 Fire Magic
 + Level 5.9 Ice Magic
 + Level 5.9 Air Magic
 + Level 5.9 Earth Magic
 + Level 5.9 Poison Magic
 + Level 7.8 Invocations
 + Level 7.1 Evocations


You had 14 spell levels left.
You knew the following spells:

 Your Spells              Type           Power        Failure   Level  Hunger
a - Magic Dart            Conj           ####         1%          1    None
b - Blink                 Tloc           N/A          1%          2    None
c - Conjure Flame         Conj/Fire      #####...     1%          3    None
d - Poisonous Vapours     Pois/Air       #####.       1%          2    None
m - Mephitic Cloud        Conj/Pois/Air  #####...     1%          3    None
q - Sticky Flame          Conj/Fire      #####...     1%          4    #......
x - Call Imp              Summ           #####...     1%          2    None

Your spell library contained the following spells:

 Spells                   Type           Power        Failure   Level  Hunger
 Slow                     Hex            #####...     1%          2    None
 Freezing Cloud           Conj/Ice/Air   #####.....   17%         6    ######.
 Ring of Flames           Chrm/Fire      #####.....   98%         7    #######


Dungeon Overview and Level Annotations

Branches:
Dungeon (11/15)            Temple (1/1) D:4            Lair (2/6) D:11
    Orc (0/2) D:10
  Swamp: Lair:2-4    Shoals: Lair:2-4     Snake: Lair:2-4    Spider: Lair:2-4

Altars:
Ashenzari
Cheibriados
Dithmenos
Elyvilon
Fedhas
Gozag
Hepliaklqana
Kikubaaqudgha
Makhleb
Okawaru
Qazlal
Ru
Sif Muna
Trog
Uskayaw
Vehumet
Wu Jian
Xom
Yredelemnul
Zin
The Shining One

Shops:
D:9 !


Innate Abilities, Weirdness & Mutations

Your experience applies equally to all skills.
You have very sharp teeth.
Your uncanny sense of smell can sniff out nearby items.


Message History

Aim: a wolf (heavily wounded, poisoned)
The magic dart hits the wolf.
The wolf barely misses you. The wolf bites you but does no damage.
A beastly little devil appears in a puff of frigid air.
You feel sick.
The wolf looks more healthy.
The wolf misses you.
Aim: a wolf (almost dead) Poisonous vapours surround the wolf!
The wolf is poisoned.
The wolf misses you.
The wolf is engulfed in poison gas.
The wolf looks even sicker.
You block the wolf's attack.
Aim: a wolf (almost dead, poisoned) Poisonous vapours surround the wolf!
The wolf is engulfed in poison gas.
The wolf looks even sicker.
You kill the wolf!
Vehumet accepts your kill. The spiny frog closely misses you.
Aim: a spiny frog (lightly wounded)
The magic dart hits the spiny frog.
You feel sick. The spiny frog closely misses you.
Aim: a spiny frog (lightly wounded)
The magic dart hits the spiny frog.
You block the spiny frog's attack.
You don't have enough magic to cast that spell.
You swap places.
You feel sick.
The spiny frog barely misses your white imp.
Your white imp barely misses the spiny frog.
The spiny frog barely misses your white imp.
Your white imp hits the spiny frog.
Your white imp freezes the spiny frog.
The spiny frog barely misses your white imp.
Your white imp gestures at the spiny frog.
The puff of frost hits the spiny frog!
The spiny frog stings your white imp!
Your white imp dies!
You feel sick.
You barely miss the spiny frog. You hit the spiny frog.
The spiny frog stings you!
* * * LOW HITPOINT WARNING * * *
Aim: a spiny frog (severely wounded)
The magic dart hits the spiny frog but does no damage.
You block the spiny frog's attack.
You hit the spiny frog. You block the spiny frog's attack.
You hit the spiny frog. The spiny frog stings you!!
* * * LOW HITPOINT WARNING * * *
You feel much better.
You feel sick. The spiny frog stings you!
* * * LOW HITPOINT WARNING * * *
You hit the spiny frog but do no damage.
The spiny frog stings you.
* * * LOW HITPOINT WARNING * * *
Aim: a spiny frog (severely wounded)
The magic dart hits the spiny frog but does no damage.
You block the spiny frog's attack.
You barely miss the spiny frog. The spiny frog stings you!!
You die...

##.......##.....#...............
#..#P....#.....##......#.......#
##.##.................#........#
##.#.#.#.P#....#.....P#........#
#P..............####.###.......#
#P..............................
#...............................
#...............................
##...<...)......@...............
#.......##....#F##.#..##.......
#........8.8#.#h#.#.#.P#.P.....
#.......................#......
#...##..#8.8#.##........# #...
.#.#..##. ....... #... # .....#.
....... .... ... +. !......
.......


You could see a spiny frog and a wolf.

Vanquished Creatures
  Josephine (D:10)
  2 hydras
  A death knight (D:10)
  Pikel (D:9)
  An ugly thing (D:11)
  A cyclops (D:11)
  2 oklob plants (D:11)
  A black mamba (Lair:1)
  2 spiny frogs (Lair:1)
  A komodo dragon (Lair:1)
  A troll (D:11)
  2 hippogriffs
  Sigmund (D:3)
  A shadow (D:11)
  A spriggan (D:7)
  A wyvern (D:10)
  9 yaks
  2 vampires
  3 wraiths
  A basilisk (Lair:1)
  A hungry ghost (D:11)
  A warg (Lair:1)
  Menkaure (D:7)
  3 water moccasins
  4 porcupines
  3 orc warriors
  A slave (D:9)
  5 ice beasts
  4 sky beasts
  2 black bears
  3 phantoms
  A necrophage (D:7)
  3 centaurs
  5 ogres
  6 wolves
  A big kobold (D:7)
  4 bullfrogs
  A wyvern skeleton (D:9)
  3 scorpions
  10 killer bees
  8 wights
  2 howler monkeys (D:9)
  3 electric eels (Lair:1)
  3 crimson imps
  A quasit (D:9)
  7 hounds
  A jelly (D:8)
  A bullfrog skeleton (D:5)
  7 orc priests
  3 centaur skeletons
  11 orc wizards
  A gnoll shaman (D:7)
  An iguana (D:4)
  Terence (D:3)
  7 worker ants
  Natasha (thrice) (D:3)
  A hound zombie (D:5)
  A worker ant zombie (D:10)
  A hound skeleton (D:6)
  8 gnolls
  10 adders
  5 shadow imps
  A white imp (D:6)
  An adder zombie (D:7)
  An adder skeleton (D:8)
  3 worms
  2 dart slugs (D:1)
  2 leopard geckos
  32 orcs
  2 ball pythons
  2 bats
  6 giant cockroaches
  5 hobgoblins
  8 jackals
  8 quokkas
  4 frilled lizards
  16 goblins
  2 goblin skeletons (D:6)
  4 goblin zombies (D:6)
  3 hobgoblin zombies (D:6)
  10 kobolds
  A kobold skeleton (D:6)
  A quokka zombie (D:5)
  9 rats
306 creatures vanquished.

Vanquished Creatures (collateral kills)
  A centaur (D:8)
  An orc priest (D:10)
2 creatures vanquished.

Vanquished Creatures (others)
  A ghoul (D:1)
  A draconian (D:1)
  3 gargoyles (D:1)
  2 elves (D:1)
  A vampire (D:1)
  A formicid (D:1)
  A spriggan (D:1)
  A human (D:1)
  A dwarf (D:1)
  An orc wizard (D:6)
  2 fungi
  14 plants
  9 tentacles (D:1)
38 creatures vanquished.

Grand Total: 346 creatures vanquished

Notes
Turn   | Place    | Note
-------+----------+-------------------------------------------
     0 | D:1      | DavidChitty2 the Gnoll Wizard began the quest for the Orb.
     0 | D:1      | Reached XP level 1. HP: 13/13 MP: 8/8
     0 | D:1      | Noticed an elf
     0 | D:1      | Noticed an elf
     0 | D:1      | Noticed a human
     0 | D:1      | Noticed a draconian
     0 | D:1      | Noticed a formicid
     0 | D:1      | Noticed a vampire
     0 | D:1      | Noticed a kraken
     0 | D:1      | Noticed a gargoyle
     0 | D:1      | Noticed a gargoyle
     0 | D:1      | Noticed a spriggan
     0 | D:1      | Noticed a dwarf
     0 | D:1      | Noticed a ghoul
     0 | D:1      | Noticed a gargoyle
     4 | D:1      | Killed a spriggan
     5 | D:1      | Killed an elf
     6 | D:1      | Killed a formicid
     7 | D:1      | Killed a gargoyle
     8 | D:1      | Killed a gargoyle
    10 | D:1      | Killed a human
    10 | D:1      | Killed a gargoyle
    12 | D:1      | Killed a draconian
    13 | D:1      | Killed a vampire
    14 | D:1      | Killed an elf
    14 | D:1      | Killed a dwarf
    16 | D:1      | Killed a ghoul
   242 | D:1      | Reached XP level 2. HP: 19/19 MP: 8/10
   253 | D:1      | Learned a level 2 spell: Call Imp
   381 | D:1      | Learned a level 2 spell: Blink
  1019 | D:1      | Reached XP level 3. HP: 19/25 MP: 7/11
  1197 | D:2      | Learned a level 3 spell: Mephitic Cloud
  1201 | D:2      | Learned a level 3 spell: Conjure Flame
  1436 | D:2      | Reached skill level 1 in Invocations
  1715 | D:2      | Reached skill level 1 in Fighting
  1715 | D:2      | Reached skill level 1 in Short Blades
  1715 | D:2      | Reached skill level 1 in Long Blades
  1715 | D:2      | Reached skill level 1 in Axes
  1715 | D:2      | Reached skill level 1 in Maces & Flails
  1715 | D:2      | Reached skill level 1 in Polearms
  1715 | D:2      | Reached skill level 1 in Staves
  1715 | D:2      | Reached skill level 1 in Slings
  1715 | D:2      | Reached skill level 1 in Bows
  1715 | D:2      | Reached skill level 1 in Crossbows
  1715 | D:2      | Reached skill level 1 in Throwing
  1715 | D:2      | Reached skill level 1 in Armour
  1715 | D:2      | Reached skill level 1 in Shields
  1715 | D:2      | Reached skill level 1 in Unarmed Combat
  1715 | D:2      | Reached skill level 1 in Evocations
  2020 | D:3      | Noticed Natasha
  2025 | D:3      | Killed Natasha
  2025 | D:3      | Reached XP level 4. HP: 25/32 MP: 7/13
  2178 | D:3      | Noticed Natasha
  2239 | D:3      | Killed Natasha
  2239 | D:3      | Reached skill level 1 in Hexes
  2239 | D:3      | Reached skill level 1 in Charms
  2239 | D:3      | Reached skill level 1 in Necromancy
  2239 | D:3      | Reached skill level 1 in Transmutations
  2239 | D:3      | Reached skill level 1 in Fire Magic
  2239 | D:3      | Reached skill level 1 in Ice Magic
  2239 | D:3      | Reached skill level 1 in Air Magic
  2239 | D:3      | Reached skill level 1 in Earth Magic
  2239 | D:3      | Reached skill level 1 in Poison Magic
  2371 | D:3      | Reached XP level 5. HP: 37/37 MP: 11/14
  2536 | D:3      | Noticed an ice beast
  2567 | D:3      | Killed an ice beast
  2698 | D:3      | Noticed Sigmund
  2709 | D:3      | Killed Sigmund
  2709 | D:3      | Reached skill level 5 in Dodging
  2709 | D:3      | Reached XP level 6. HP: 40/44 MP: 10/16
  2843 | D:3      | Noticed Natasha
  3109 | D:3      | Noticed Terence
  3124 | D:3      | Killed Terence
  3423 | D:3      | Killed Natasha
  3423 | D:3      | Reached XP level 7. HP: 50/50 MP: 12/18
  4072 | D:4      | Found an opulent altar of Gozag.
  4225 | D:4      | Reached skill level 5 in Stealth
  4439 | D:4      | Found a staircase to the Ecumenical Temple.
  4479 | Temple   | Entered the Ecumenical Temple
  4531 | Temple   | Became a worshipper of Vehumet
  4877 | D:4      | Reached XP level 8. HP: 52/57 MP: 10/19
  5085 | D:5      | Entered Level 5 of the Dungeon
  6265 | D:5      | Reached skill level 8 in Spellcasting
  6953 | D:6      | Found a glowing golden altar of the Shining One.
  7667 | D:6      | Reached * piety under Vehumet
  7667 | D:6      | Offered knowledge of Sting by Vehumet.
  7667 | D:6      | Reached XP level 9. HP: 65/65 MP: 0/21
  7980 | D:6      | Got a wavering jade ring
  7981 | D:6      | Identified the ring "Saomn" {Int+3 Dex+5} (You found it on
                  | level 6 of the Dungeon)
  8102 | D:6      | Found a bloodstained altar of Trog.
  8105 | D:6      | Found a glowing golden altar of the Shining One.
  8108 | D:6      | Found a hide-covered altar of Uskayaw.
  8826 | D:7      | Noticed Menkaure
  8840 | D:7      | Killed Menkaure
 10470 | D:8      | Reached ** piety under Vehumet
 10470 | D:8      | Offered knowledge of Shock by Vehumet.
 10739 | D:8      | Learned a level 2 spell: Poisonous Vapours
 10952 | D:8      | Found a hazy altar of Hepliaklqana.
 11084 | D:8      | Reached skill level 5 in Invocations
 11645 | D:8      | Reached XP level 10. HP: 64/72 MP: 7/22
 12357 | D:9      | Noticed Pikel
 12584 | D:9      | Reached skill level 5 in Fighting
 12584 | D:9      | Reached skill level 5 in Short Blades
 12584 | D:9      | Reached skill level 5 in Long Blades
 12584 | D:9      | Reached skill level 5 in Axes
 12584 | D:9      | Reached skill level 5 in Maces & Flails
 12584 | D:9      | Reached skill level 5 in Polearms
 12584 | D:9      | Reached skill level 5 in Staves
 12584 | D:9      | Reached skill level 5 in Slings
 12584 | D:9      | Reached skill level 5 in Bows
 12584 | D:9      | Reached skill level 5 in Crossbows
 12584 | D:9      | Reached skill level 5 in Throwing
 12584 | D:9      | Reached skill level 5 in Armour
 12584 | D:9      | Reached skill level 5 in Shields
 12584 | D:9      | Reached skill level 5 in Unarmed Combat
 12584 | D:9      | Reached skill level 5 in Evocations
 12724 | D:9      | Found Rooqan's Distillery.
 13046 | D:9      | Killed Pikel
 13046 | D:9      | Offered knowledge of Throw Flame by Vehumet.
 13400 | D:9      | Found a white marble altar of Elyvilon.
 13402 | D:9      | Found an ornate altar of the Wu Jian Council.
 13696 | D:9      | Found a sacrificial altar of Ru.
 13770 | D:9      | Found a glowing silver altar of Zin.
 13864 | D:10     | Entered Level 10 of the Dungeon
 13884 | D:10     | Reached skill level 9 in Spellcasting
 14269 | D:10     | Reached skill level 5 in Conjurations
 14269 | D:10     | Reached skill level 5 in Summonings
 14269 | D:10     | Reached skill level 5 in Translocations
 14269 | D:10     | Reached *** piety under Vehumet
 14288 | D:10     | Noticed Josephine
 14998 | D:10     | Killed Josephine
 15166 | D:10     | Reached XP level 11. HP: 81/81 MP: 14/24
 15322 | D:10     | Got a thick robe
 15571 | D:10     | Found a staircase to the Orcish Mines.
 15776 | D:10     | Identified the +2 robe of Farph {rPois rCorr Slay+3 Stlth+}
                  | (You found it on level 10 of the Dungeon)
 16490 | D:11     | Noticed a death knight
 16687 | D:11     | Noticed a green ugly thing
 16687 | D:11     | Noticed a cyclops
 17173 | D:10     | HP: 3/81 [mirror damage (4)]
 17197 | D:10     | Killed a death knight
 17197 | D:10     | Reached skill level 5 in Hexes
 17197 | D:10     | Reached skill level 5 in Charms
 17197 | D:10     | Reached skill level 5 in Necromancy
 17197 | D:10     | Reached skill level 5 in Transmutations
 17197 | D:10     | Reached skill level 5 in Fire Magic
 17197 | D:10     | Reached skill level 5 in Ice Magic
 17197 | D:10     | Reached skill level 5 in Air Magic
 17197 | D:10     | Reached skill level 5 in Earth Magic
 17197 | D:10     | Reached skill level 5 in Poison Magic
 17885 | D:11     | Killed a green ugly thing
 18056 | D:11     | Killed a cyclops
 18150 | D:11     | Noticed an oklob plant
 18150 | D:11     | Noticed an oklob plant
 18373 | D:11     | Offered knowledge of Force Lance by Vehumet.
 19359 | D:11     | Found a staircase to the Lair.
 19880 | D:11     | Killed an oklob plant
 19892 | D:11     | Killed an oklob plant
 19963 | Lair:1   | Entered Level 1 of the Lair of Beasts
 20049 | Lair:1   | Noticed a seven-headed hydra
 20103 | Lair:1   | Killed a seven-headed hydra
 20103 | Lair:1   | Reached XP level 12. HP: 21/89 MP: 1/25
 20979 | Lair:1   | Reached **** piety under Vehumet
 20979 | Lair:1   | Reached skill level 10 in Spellcasting
 22163 | Lair:2   | Noticed a five-headed hydra
 22177 | Lair:2   | Killed a five-headed hydra
 22385 | Lair:2   | Offered knowledge of Sticky Flame by Vehumet.
 22397 | Lair:2   | Learned a level 4 spell: Sticky Flame
 22434 | Lair:2   | Slain by a spiny frog

Levels and vault maps discovered:
D:1:      nicolae_arrival_kraken_aquarium_a, layout_loops_corners
D:2:      layout_rooms, minmay_misc_feat_more_columns
D:3:      layout_loops_cross, hex_large, nrook_mini_vaults, uniq_sigmund,
          uniq_terence, uniq_natasha
D:4:      layout_rooms, minmay_temple_entry_drinking_statues,
          nicolae_gozag_seed_capital
D:5:      layout_cave_pods, first_ration, kennysheep_generic_room_7
D:6:      layout_basic, grunt_temple_overflow_diamond,
          nicolae_tso_besieged_by_evil
D:7:      layout_basic, lightli_ossuary_entry_decrepit_ruins, enter_bailey_3,
          the_bakery, uniq_menkaure
D:8:      layout_loops_ring, kennysheep_little_box
D:9:      layout_stronghold, nicolae_overflow_hidden_temple,
          nicolae_ru_the_path_less_chosen, serial_shops, nicolae_shop_crystal,
          uniq_pikel
D:10:     layout_big_octagon, orc_0_dummy, corner_web_ring, uniq_josephine
D:11:     layout_loops_ring, dpeg_oklobed_lair
Temple:   cyrus_circular_temple
Lair:1:   layout_cave_pods, nicolae_quartered_pool_super, minivault_19,
          beast_lair_carwin_6, infiniplex_staircase_pool
Lair:2:   lemuel_slime, layout_regular_city, skrybe_swamp_entry_bodies,
          small_statue_intersection

Skill      XL: |  1  2  3  4  5  6  7  8  9 10 11 12 |
---------------+-------------------------------------+-----
Conjurations   | 2 3 4 5 6 |  6.3
Summonings     | 2 3 4 5 6 |  6.3
Translocations | 2 3 4 5 6 |  6.3
Invocations    | 1 2 3 4 5 6 7 |  7.8
Fighting       | 1 2 3 4 5 6 7 |  7.1
Short Blades   | 1 2 3 4 5 6 7 |  7.1
Long Blades    | 1 2 3 4 5 6 7 |  7.1
Axes           | 1 2 3 4 5 6 7 |  7.1
Maces & Flails | 1 2 3 4 5 6 7 |  7.1
Polearms       | 1 2 3 4 5 6 7 |  7.1
Staves         | 1 2 3 4 5 6 7 |  7.1
Slings         | 1 2 3 4 5 6 7 |  7.1
Bows           | 1 2 3 4 5 6 7 |  7.1
Crossbows      | 1 2 3 4 5 6 7 |  7.1
Throwing       | 1 2 3 4 5 6 7 |  7.1
Armour         | 1 2 3 4 5 6 7 |  7.1
Shields        | 1 2 3 4 5 6 7 |  7.1
Unarmed Combat | 1 2 3 4 5 6 7 |  7.1
Evocations     | 1 2 3 4 5 6 7 |  7.1
Hexes          | 1 2 3 4 5 |  5.9
Charms         | 1 2 3 4 5 |  5.9
Necromancy     | 1 2 3 4 5 |  5.9
Transmutations | 1 2 3 4 5 |  5.9
Fire Magic     | 1 2 3 4 5 |  5.9
Ice Magic      | 1 2 3 4 5 |  5.9
Air Magic      | 1 2 3 4 5 |  5.9
Earth Magic    | 1 2 3 4 5 |  5.9
Poison Magic   | 1 2 3 4 5 |  5.9
Dodging        | 5 6 7 8 |  8.5
Stealth        | 5 6 7 8 |  8.3
Spellcasting   | 8 9 10 | 10.1

Action                   |  1- 3 |  4- 6 |  7- 9 | 10-12 || total
-------------------------+-------+-------+-------+-------++-------
Melee: Dagger            |       |    31 |    43 |   125 ||   199
       Bite              |       |     4 |     5 |    23 ||    32
 Fire: Hunting sling     |       |       |     2 |    82 ||    84
Throw: Stone             |       |     3 |     8 |       ||    11
 Cast: Magic Dart        |    82 |    66 |   502 |   772 ||  1422
       Mephitic Cloud    |       |     4 |    24 |    21 ||    49
       Conjure Flame     |       |     1 |    11 |    32 ||    44
       Blink             |       |       |     4 |     5 ||     9
       Call Imp          |       |       |     3 |    24 ||    27
       Poisonous Vapours |       |       |     2 |    48 ||    50
Evoke: Wand              |       |       |       |     9 ||     9
  Use: Scroll            |       |       |    20 |     8 ||    28
       Potion            |       |       |     1 |     9 ||    10
 Stab: Confused          |       |     3 |     3 |     6 ||    12
       Distracted        |       |       |       |     1 ||     1
       Paralysed         |       |       |       |     2 ||     2
  Eat: Chunk             |     3 |     3 |    21 |    12 ||    39
       Ration            |       |       |     2 |     6 ||     8
Armor: Robe              |     1 |       |       |    25 ||    26
       Ring mail         |       |     3 |    67 |   140 ||   210
Dodge: Dodged            |     7 |    17 |   123 |   392 ||   539
Block: Buckler           |       |       |    41 |   159 ||   200
